 Dungeon Crawl Stone Soup version 0.30-a0-1016-gfb0d676c02 (webtiles) character file.

Game seed: 13289117282373087573

98 GigaChad the Shield-Bearer (level 5, 0/38 (42) HPs)
             Began as a Formicid Fighter on Apr 6, 2023.
             Slain by an orc priest
             ... wielding a +0 flail
              (8 damage)
             ... on level 4 of the Dungeon.
             The game lasted 00:02:52 (2040 turns).

GigaChad the Shield-Bearer (Formicid Fighter)       Turns: 2040, Time: 00:02:53

HP:   0/38 (42)     AC: 12    Str: 22    XL:     5   Next: 1%
MP:   5/5           EV:  9    Int:  8    God:
Gold: 125           SH:  5    Dex: 13    Spells: 4/4 levels left

rFire   . . .      SeeInvis +    a - +0 war axe
rCold   . . .      Faith    .    c - +0 buckler
rNeg    . . .      Spirit   .    b - +0 scale mail
rPois   .          Reflect  .    (helmet unavailable)
rElec   .          Rampage  .    i - +0 cloak
rCorr   .                        (no gloves)
Will    .....                    (no boots) Stlth
                                 (no amulet)
HPRegen 0.26/turn                h - +4 ring of protection
MPRegen 0.09/turn                (no ring)

@: drained
A: permanent stasis, dig shafts and tunnels, antennae 3, four strong arms
a: Dig, Shaft Self


You were on level 4 of the Dungeon.
You visited 1 branch of the dungeon, and saw 4 of its levels.

You collected 125 gold pieces.

Inventory:

Hand Weapons
 a - a +0 war axe (weapon)
Missiles
 n - a throwing net
Armour
 b - a +0 scale mail (worn)
 c - a +0 buckler (worn)
 i - a +0 cloak (worn)
Jewellery
 h - a +4 ring of protection (left hand)
Scrolls
 e - a scroll of amnesia {unknown}
 f - 2 scrolls of immolation
 k - 3 scrolls of identify
 o - a scroll of fog {unknown}
 p - a scroll of enchant weapon {unknown}
 q - a scroll of poison {unknown}
 r - a scroll of noise {unknown}
Potions
 d - a potion of might
 g - 4 potions of curing {unknown}
 j - a potion of degeneration {unknown}
 l - a potion of lignification {unknown}
 m - a potion of brilliance {unknown}
 s - 3 potions of heal wounds {unknown}
 t - a potion of flight {unknown}
 u - a potion of attraction {unknown}


   Skills:
 + Level 3.7 Fighting
 + Level 3.6 Axes
 + Level 3.9 Armour
 + Level 0.5 Dodging
 + Level 4.4 Shields


You had 4 spell levels left.
You didn't know any spells.
Your spell library contained the following spells:

 Spells                   Type           Power      Damage    Failure   Level
 Inner Flame              Hex/Fire       0%         N/A       99%         3
 Flame Wave               Conj/Fire      0%         2d4       100%        4
 Sticky Flame             Conj/Fire      0%         2d3       100%        4


Dungeon Overview and Level Annotations

Branches:
Dungeon (4/15)
 Temple: D:4-7

Altars:
Okawaru
The Shining One

Shops:
D:3 !


Innate Abilities, Weirdness & Mutations

You cannot be hasted, slowed, berserked, paralysed or teleported.
You can dig through walls and to a lower floor.
You have a pair of large antennae on your head. (SInv)
Your four strong arms can wield two-handed weapons with a shield.


Message History

You barely miss the orc priest. You closely miss the orc wizard.
You barely miss the orc. The hound bites you. The orc wizard barely misses you.
You block the orc priest's attack.
The orc hits you with a +2 mace of draining.
You feel drained. The hound bites you but does no damage.
The orc wizard hits you with a +0 short sword.
The orc priest invokes the aid of Beogh against you.
Beogh smites you! You block the orc's attack.
Unknown command.
You are too injured to fight recklessly!
Unknown command.
You are too injured to fight recklessly!
Unknown command.
You are too injured to fight recklessly!
You closely miss the orc priest.
The orc priest is moderately wounded.
You barely miss the hound. You barely miss the orc wizard.
You completely miss the orc. You block the hound's attack.
The orc wizard hits you but does no damage.
The hound closely misses you. The orc priest barely misses you.
The orc hits you but does no damage.
You feel drained.
You closely miss the orc priest.
The orc priest is moderately wounded.
You hit the orc. You closely miss the hound. You barely miss the orc wizard.
The hound closely misses you.
The orc wizard hits you but does no damage.
The orc hits you but does no damage.
You feel drained.
The orc priest invokes the aid of Beogh against you.
Pain shoots through your body!
* * * LOW HITPOINT WARNING * * *
The hound bites you.
* * * LOW HITPOINT WARNING * * *
You hit the orc priest but do no damage.
The orc priest is moderately wounded.
You hit the orc wizard. You slash the orc!
You kill the orc!
You hit the hound. You block the hound's attack.
The orc wizard hits you but does no damage.
The orc priest hits you with a +0 flail!
You die...

.##..##.....#
#..#........###.........
....#......###..........
.##.†#.....###..........
.##...#....##...........
.......#..##............
..........##.#..........
.........##.#...o)......
....<...........@o......
..............>.)h......
.........##.............
##.....####............#
##....# ##..........##
...#### #..........# #..
#.........## ##.
.........##


You could see a hound, an orc priest and an orc wizard (invisible).

Vanquished Creatures
  4 adders
  A worm (D:4)
  3 orcs
  7 endoplasms
  3 giant cockroaches
  4 goblins
  5 hobgoblins
  2 jackals (D:1)
  4 kobolds
  2 quokkas
  5 ball pythons
  6 bats
  A frilled lizard (D:3)
  6 rats
53 creatures vanquished.

Notes
Turn   | Place    | Note
-------+----------+-------------------------------------------
     0 | D:1      | GigaChad the Formicid Fighter began the quest for the Orb.
     0 | D:1      | Reached XP level 1. HP: 18/18 MP: 1/1
   286 | D:1      | Reached XP level 2. HP: 24/24 MP: 2/2
   666 | D:1      | Reached XP level 3. HP: 29/29 MP: 3/3
  1447 | D:3      | Reached XP level 4. HP: 35/35 MP: 4/4
  1522 | D:3      | Found an iron altar of Okawaru.
  1579 | D:3      | Found a glowing golden altar of the Shining One.
  1644 | D:3      | Found Zuel's Distillery.
  2032 | D:4      | Reached XP level 5. HP: 37/42 MP: 5/5
  2040 | D:4      | Slain by an orc priest

Illustrated notes

Levels and vault maps discovered:
D:1:      psy_arrival_whirlpool, layout_loops_corners
D:2:      layout_rooms
D:3:      layout_rooms, mainiacjoe_overflow_catwalk_spiral, serial_shops,
          nicolae_shop_hallway_stairs, minmay_between
D:4:      layout_cave_pods, nicolae_ashenzari_skybound, minivault_26

Skill      XL: |  1  2  3  4 |
---------------+-------------+-----
Axes           | 3 |  3.6
Fighting       | |  3.7
Armour         | |  3.9
Dodging        | |  0.5
Shields        | |  4.4

Action                     |  1- 3 |  4- 6 || total
---------------------------+-------+-------++-------
  Melee: War axe           |   113 |    46 ||   159
    Use: Scroll            |     3 |       ||     3
 Armour: Scale mail        |    68 |    25 ||    93
  Dodge: Dodged            |    65 |    28 ||    93
  Block: Buckler           |    28 |    18 ||    46

Table legend: (Time is in decaauts)
 A = Elapsed time spent in this place.
 B = Non-inter-level travel time spent in this place.
 C = Inter-level travel time spent in this place.
 D = Time resting spent in this place.
 E = Time spent auto-exploring this place.
 F = Levels seen in this place.
 G = Mean time per level.
                   A        B        C        D        E       F      G
               +--------+--------+--------+--------+--------+-----+--------+
         Total |   2102 |   2015 |     87 |      0 |   1472 |   4 |  525.5 |
       Dungeon |   2102 |   2015 |     87 |      0 |   1472 |   4 |  525.5 |
               +--------+--------+--------+--------+--------+-----+--------+

Top non-repeatable levels by time:
     D:1: 870 daAuts
     D:3: 581 daAuts
     D:2: 575 daAuts
     D:4: 75 daAuts
